 Dungeon Crawl Stone Soup version 0.23.1-37-gaa34b87 (webtiles) character file.

Game seed: 7558951378766604312

49 night the Sneak (level 3, -2/21 HPs)
             Began as a Gargoyle Assassin on Mar 26, 2019.
             Slain by a goblin
             ... wielding a +0 club
             ... led by Robin
              (5 damage)
             ... on level 2 of the Dungeon.
             The game lasted 00:02:31 (1277 turns).

night the Sneak (Gargoyle Assassin)                 Turns: 1277, Time: 00:02:32

Health: -2/21      AC:  6    Str: 12 (14) XL:     3   Next: 75%
Magic:  3/3        EV: 11    Int:  8 (11) God:
Gold:   21         SH:  0    Dex: 10 (12) Spells: 2/2 levels left

rFire    . . .     SeeInvis .   a - +2 dagger
rCold    . . .     Gourm    .   (no shield)
rNeg     + . .     Faith    .   c - +0 robe
rPois    ∞         Spirit   .   (no helmet)
rElec    +         Reflect  .   d - +0 cloak
rCorr    .         Harm     .   (no gloves)
MR       .....                  (no boots)
Stlth    +++.......             (no amulet)
HPRegen  0.07/turn              (no ring)
MPRegen  0.08/turn              (no ring)

@: no status effects
A: negative energy resistance 1, electricity resistance, unbreathing,
petrification resistance, rot immunity, AC +3
a: no special abilities


You were on level 2 of the Dungeon.
You were not hungry.

You visited 1 branch of the dungeon, and saw 2 of its levels.

You collected 21 gold pieces.

Inventory:

Hand Weapons
 a - a +2 dagger (weapon)
 b - a +0 blowgun
Missiles
 e - 8 poisoned needles
 f - 2 curare-tipped needles
 i - 67 stones (quivered)
Armour
 c - a +0 robe (worn)
 d - a +0 cloak (worn)
 p - a +0 shield
Scrolls
 j - 2 scrolls of enchant armour {unknown}
 k - a scroll of blinking {unknown}
 l - a scroll of immolation {unknown}
 m - a scroll of fog {unknown}
 o - a scroll of teleportation {unknown}
Comestibles
 g - 5 rations
 h - 2 chunks of flesh


   Skills:
 - Level 2.1 Fighting
 + Level 2.4 Short Blades
 - Level 1.7 Throwing
 - Level 0.7 Dodging
 * Level 5.6 Stealth


You had 2 spell levels left.
You didn't know any spells.
Your spell library contained the following spells:

 Spells                   Type           Power        Failure   Level  Hunger
 Magic Dart               Conj           #...         41%         1    ##.....
 Blink                    Tloc           N/A          54%         2    ###....
 Call Imp                 Summ           #.......     54%         2    ###....
 Slow                     Hex            #.......     54%         2    ###....
 Conjure Flame            Conj/Fire      #.......     78%         3    ####...
 Mephitic Cloud           Conj/Pois/Air  #.......     78%         3    ####...


Dungeon Overview and Level Annotations

Branches:
Dungeon (2/15)

Altars:

Annotations:
D:2 Robin


Innate Abilities, Weirdness & Mutations

You are resistant to torment.
Your stone body is resilient. (AC +3)
You are immune to poison.
You resist negative energy. (rN+)
You are resistant to electric shocks. (rElec)
You can survive without breathing.
You are immune to petrification.
You are immune to rotting.


Message History

You hit the goblin.
The goblin is moderately wounded.
The hobgoblin hits you but does no damage.
The goblin hits you but does no damage.
You hit the goblin.
The goblin is almost dead.
The hobgoblin no longer looks unusually strong.
The hobgoblin barely misses you.
Robin roars a battlecry!
The hobgoblin goes into a battle-frenzy!
The goblin hits you.
* * * LOW HITPOINT WARNING * * *
You hit the goblin.
You kill the goblin!
The hobgoblin misses you. Robin throws the goblin at you!
It was a potion of degeneration.
There was something very wrong with that liquid.
You feel weakened.
You feel dopey.
You feel clumsy. The hobgoblin barely misses you.
The goblin hits you with a +0 club.
You die...

.# #.# #.# # #.# #
#.# ########
#############.#
........
......g@ggggg>#####
.######.
############g....$#
.## ##...$.# ..#
#....#...(.# #.##
#..##†#.###.# #..#
##.## ♣.## ##.#
##.## ## #.##
#..#.## #..#
########.#.⌠.#


You could see Robin, 4 hobgoblins and 2 goblins.

Vanquished Creatures
  4 leopard geckos (D:1)
  2 giant cockroaches (D:1)
  14 goblins
  4 hobgoblins
  2 jackals (D:2)
  8 bats
  A kobold (D:1)
  3 rats
38 creatures vanquished.

Notes
Turn   | Place    | Note
-------+----------+-------------------------------------------
     0 | D:1      | night the Gargoyle Assassin began the quest for the Orb.
     0 | D:1      | Reached XP level 1. HP: 12/12 MP: 1/1
   217 | D:1      | Reached XP level 2. HP: 10/17 MP: 2/2
   450 | D:1      | Reached skill level 5 in Stealth
   602 | D:1      | Reached XP level 3. HP: 21/21 MP: 3/3
  1249 | D:2      | Noticed Robin
  1277 | D:2      | Slain by a goblin

Skill      XL: |  1  2 |
---------------+-------+-----
Short Blades   | 2 |  2.4
Stealth        | 5 |  5.6
Fighting       | |  2.1
Throwing       | |  1.7
Dodging        | |  0.7

Action                   || total
-------------------------++-------
Melee: Dagger            ||   112
  Use: Potion            ||     1
 Stab: Sleeping          ||     9
  Eat: Chunk             ||     1
Armor: Robe              ||    46
Dodge: Dodged            ||    56
